 Dungeon Crawl Stone Soup version 0.27-a0-1312-g5cdb2b3542 (webtiles) character file.

Game seed: 9620394037573993085

32 lightspider the Skirmisher (level 3, -3/33 HPs)
             Began as a Hill Orc Fighter on June 20, 2021.
             Slain by a gnoll (7 damage)
             ... on level 2 of the Dungeon.
             The game lasted 00:02:54 (1394 turns).

lightspider the Skirmisher (Hill Orc Fighter)       Turns: 1394, Time: 00:02:55

Health: -3/33      AC:  7    Str: 19    XL:     3   Next: 25%
Magic:  3/3        EV:  7    Int:  8    God:
Gold:   109        SH:  9    Dex: 10    Spells: 2/2 levels left

rFire    . . .     SeeInvis .   a - +0 long sword
rCold    . . .     Faith    .   c - +0 kite shield
rNeg     . . .     Spirit   .   b - +0 scale mail
rPois    .         Reflect  .   (no helmet)
rElec    .         Harm     .   (no cloak)
rCorr    .         Rampage  .   (no gloves)
Will     .....                  (no boots)
Stlth    ..........             (no amulet)
HPRegen  0.11/turn              (no ring)
MPRegen  0.08/turn              (no ring)

@: no status effects
A: no striking features
a: no special abilities


You were on level 2 of the Dungeon.
You visited 1 branch of the dungeon, and saw 2 of its levels.

You collected 109 gold pieces.

Inventory:

Hand Weapons
 a - a +0 long sword (weapon)
 g - a +0 short sword of holy wrath
Armour
 b - a +0 scale mail (worn)
 c - a +0 kite shield (worn)
Scrolls
 e - a scroll of teleportation {unknown}
 f - 2 scrolls of identify {unknown}
Potions
 d - a potion of might


   Skills:
 + Level 4.2 Fighting
 + Level 2.8 Long Blades
 + Level 3.8 Armour
 - Level 3.2 Shields


You had 2 spell levels left.
You didn't know any spells.
Your spell library was empty.

Dungeon Overview and Level Annotations

Branches:
Dungeon (2/15)

Altars:


Message History

You block the gnoll's attack.
You hit the gnoll.
The gnoll is moderately wounded.
The gnoll barely misses you.
You slash the gnoll!
The gnoll is almost dead.
The gnoll hits you from afar with a +0 spear.
The gnoll hits you with a +0 spear. You block the gnoll's attack.
The gnoll hits you from afar with a +0 spear.
You hit the gnoll.
The gnoll is almost dead.
The gnoll closely misses you. The gnoll hits you but does no damage.
You hit the gnoll.
You kill the gnoll!
You block the gnoll's attack. The gnoll barely misses you.
You have reached level 3!
Your experience leads to an increase in your attributes!
Increase (S)trength, (I)ntelligence, or (D)exterity?
You feel stronger. The gnoll hits you with a +0 spear.
Things that are here:
a +0 spear; a gnoll corpse You slash the gnoll!
The gnoll is severely wounded.
The gnoll barely misses you.
You closely miss the gnoll.
The gnoll is severely wounded.
The gnoll hits you with a +0 spear. The gnoll hits you with a +0 spear!
* * * LOW HITPOINT WARNING * * *
You hit the gnoll.
The gnoll is severely wounded.
You block the gnoll's attack. The gnoll hits you with a +0 spear.
* * * LOW HITPOINT WARNING * * *
You hit the gnoll but do no damage.
The gnoll is severely wounded.
The gnoll hits you but does no damage.
You barely miss the gnoll.
The gnoll is severely wounded.
The gnoll hits you with a +0 spear!
You die...

..... #...# # #..g#
#.###...# ..!.... ..g.#
######..#
......<.################
#######.....g@....†....#
################.#
#.####### #[.....<.
#########


You could see a gnoll.

Vanquished Creatures
  A gnoll (D:2)
  A ball python (D:1)
  5 endoplasms (D:1)
  A giant cockroach (D:1)
  3 goblins
  2 quokkas
  2 bats (D:1)
  2 frilled lizards
  3 rats (D:1)
20 creatures vanquished.

Notes
Turn   | Place    | Note
-------+----------+-------------------------------------------
     0 | D:1      | lightspider the Hill Orc Fighter began the quest for the
                  | Orb.
     0 | D:1      | Reached XP level 1. HP: 19/19 MP: 1/1
    21 | D:1      | You fall into a shaft and drop 1 floor!
   294 | D:1      | Reached XP level 2. HP: 15/27 MP: 2/2
   838 | D:1      | Reached skill level 4 in Fighting
   988 | D:1      | Found a faded altar of an unknown god.
  1389 | D:2      | Reached XP level 3. HP: 24/33 MP: 3/3
  1394 | D:2      | Slain by a gnoll

Illustrated notes

Levels and vault maps discovered:
D:1:      dpeg_arrival_signposts, layout_basic, chequers_ecumenical_altar_island
D:2:      layout_loops_ring, chequers_serial_rivers_small_a, kennysheep_path_1,
          minmay_surrounded, uniq_sigmund

Skill      XL: |  1  2 |
---------------+-------+-----
Fighting       | 4 |  4.2
Long Blades    | |  2.8
Armour         | |  3.8
Shields        | |  3.2

Action                   || total
-------------------------++-------
Melee: Long sword        ||    60
Armor: Scale mail        ||    16
Dodge: Dodged            ||    20
Block: Kite shield       ||    38
       Rpst.: Long sword ||     6

Table legend: (Time is in decaauts)
 A = Elapsed time spent in this place.
 B = Non-inter-level travel time spent in this place.
 C = Inter-level travel time spent in this place.
 D = Time resting spent in this place.
 E = Time spent auto-exploring this place.
 F = Levels seen in this place.
 G = Mean time per level.
                   A        B        C        D        E       F      G
               +--------+--------+--------+--------+--------+-----+--------+
         Total |   1430 |   1430 |      0 |    216 |    961 |   2 |  715.0 |
       Dungeon |   1430 |   1430 |      0 |    216 |    961 |   2 |  715.0 |
               +--------+--------+--------+--------+--------+-----+--------+

Top non-repeatable levels by time:
     D:1: 1253 daAuts
     D:2: 177 daAuts
